 Dungeon Crawl Stone Soup version 0.17-a0-2055-gb4e23be (webtiles) character file.

11499 magipi the Cleaver (level 11, -6/97 HPs)
             Began as a Ghoul Gladiator on Oct 11, 2015.
             Was a High Priest of Makhleb.
             Mangled by an Executioner (13 damage)
             ... summoned by the player character
             ... on level 11 of the Dungeon.
             The game lasted 01:00:15 (7643 turns).

magipi the Cleaver (Ghoul Gladiator)                Turns: 7643, Time: 01:00:15

Health: -6/97      AC: 16    Str: 25    XL:     11   Next: 78%
Magic:  15/15      EV: 12    Int:  4    God:    Makhleb [*****.]
Gold:   279        SH:  0    Dex: 14    Spells: 0 memorised, 10 levels left

rFire  . . .     SeeInvis .     a - +3 war axe (elec)
rCold  + . .     Clarity  .     F - +1 ring mail of the Vestibule of Hell {*Contam rElec rPois Str+5} (curse)
rNeg   + + +     SustAt   .     (no shield)
rPois  ∞         Gourm    .     c - +0 helmet
rElec  +         Spirit   .     E - +1 cloak
rCorr  .         Warding  .     J - +2 pair of gloves
rMut   .         Stasis   .     o - +0 pair of boots
MR     .....                    (no amulet)
Stlth  +.........               (no ring)
                                G - +3 ring of dexterity

@: rotting, not resistant to hostile enchantments, very unstealthy
A: rotting body, claws 1, carnivore 3, cold resistance 1, negative energy
resistance 3, slow regeneration 1, torment resistance, unbreathing
a: Minor Destruction, Lesser Servant of Makhleb, Major Destruction, Greater
Servant of Makhleb, Renounce Religion


You were on level 11 of the Dungeon.
You worshipped Makhleb.
Makhleb was extremely pleased with you.
You were not hungry.

You visited 2 branches of the dungeon, and saw 12 of its levels.

You collected 609 gold pieces.
You spent 330 gold pieces at shops.

Notes
Turn   | Place    | Note
--------------------------------------------------------------
     0 | D:1      | magipi the Ghoul Gladiator began the quest for the Orb.
     0 | D:1      | Reached XP level 1. HP: 17/17 MP: 0/0
   160 | D:1      | Reached skill level 3 in Axes
   191 | D:1      | Reached XP level 2. HP: 21/24 MP: 1/1
   389 | D:1      | Found a shattered altar of Ashenzari.
   841 | D:2      | Reached XP level 3. HP: 15/28 MP: 2/2
   965 | D:2      | Reached skill level 4 in Axes
   966 | D:2      | Found a faded altar to an unknown god.
  1104 | D:2      | Reached XP level 4. HP: 31/36 MP: 3/3
  1541 | D:3      | Noticed Crazy Yiuf
  1555 | D:3      | Killed Crazy Yiuf
  1555 | D:3      | Reached skill level 5 in Axes
  1555 | D:3      | Reached XP level 5. HP: 26/41 MP: 4/4
  1668 | D:3      | Noticed Sigmund
  2086 | D:4      | Noticed an ogre
  2094 | D:4      | Killed an ogre
  2151 | D:4      | Reached skill level 6 in Axes
  2151 | D:4      | Reached XP level 6. HP: 42/45 MP: 5/5
  2209 | D:4      | Found a staircase to the Ecumenical Temple.
  2215 | Temple   | Entered the Ecumenical Temple
  2258 | Temple   | Became a worshipper of Makhleb the Destroyer
  2364 | D:4      | Noticed a phantom
  2382 | D:4      | Noticed a slave
  2383 | D:4      | Noticed a slave
  2387 | D:4      | Noticed Pikel
  2416 | D:5      | Entered Level 5 of the Dungeon
  2416 | D:5      | Found Qahom's Antique Armour Shop.
  2426 | D:5      | Bought a translucent ring mail for 270 gold pieces
  2440 | D:5      | Identified the cursed +1 ring mail of the Vestibule of Hell {*Contam rElec rPois Str+5} (You bought it in a shop on level 5 of the Dungeon)
  2462 | D:4      | Noticed a slave
  2719 | D:5      | Reached skill level 7 in Axes
  2719 | D:5      | Reached XP level 7. HP: 36/55 MP: 6/6
  2841 | D:5      | Acquired Makhleb's first power
  2919 | D:5      | Found a bloodstained altar of Trog.
  2947 | D:5      | Reached skill level 8 in Axes
  3033 | D:5      | Reached XP level 8. HP: 36/61 MP: 7/7
  3236 | D:6      | Reached skill level 9 in Axes
  3307 | D:6      | Acquired Makhleb's second power
  3359 | D:6      | Found a glowing silver altar of Zin.
  3732 | D:6      | Found an iron altar of Okawaru.
  3991 | D:7      | Acquired Makhleb's third power
  4076 | D:7      | Reached skill level 10 in Axes
  4093 | D:7      | Found Foxtuisk's Jewellery Shoppe.
  4227 | D:7      | Reached XP level 9. HP: 51/67 MP: 8/8
  4307 | D:7      | Found Pupsi's General Store.
  4339 | D:7      | Bought a scroll of identify for 30 gold pieces
  4397 | D:7      | Found Botiecw's Magic Scroll Shoppe.
  4415 | D:7      | Reached skill level 11 in Axes
  4419 | D:7      | Found Dega's Antique Armour Emporium.
  4503 | D:7      | Found a sacrificial altar of Ru.
  4664 | D:7      | Acquired Makhleb's fourth power
  4749 | D:7      | Found Omid's General Store.
  4757 | D:7      | Bought a scroll of identify for 30 gold pieces
  4798 | D:8      | Found Dotial's Antique Armour Shoppe.
  4812 | D:8      | Reached skill level 5 in Fighting
  4968 | D:8      | Reached XP level 10. HP: 66/83 MP: 9/9
  5001 | D:8      | Found a shimmering altar of Xom.
  5120 | D:8      | Reached skill level 12 in Axes
  5209 | D:8      | Reached skill level 1 in Armour
  5398 | D:8      | Acquired Makhleb's fifth power
  5434 | D:8      | Noticed a queen ant
  5460 | D:8      | Killed a queen ant
  5549 | D:8      | Noticed Loris's ghost (novice HEGl)
  5678 | D:9      | Noticed Maurice
  5777 | D:9      | Reached skill level 5 in Armour
  5777 | D:9      | Reached skill level 1 in Invocations
  5777 | D:9      | Reached XP level 11. HP: 87/97 MP: 10/10
  5959 | D:9      | Found a staircase to the Lair.
  6005 | D:9      | Noticed Psyche
  6006 | D:9      | Noticed Psyche
  6006 | D:9      | Psyche changed into Psyche the mottled dragon
  6014 | D:9      | Killed Psyche the mottled dragon
  6420 | D:9      | Reached skill level 5 in Invocations
  6586 | D:9      | Noticed Erolcha
  6587 | D:9      | Paralysed by Erolcha for 4 turns
  6591 | D:9      | Noticed a blizzard demon
  6613 | D:10     | Entered Level 10 of the Dungeon
  7167 | D:10     | Noticed a six-headed hydra
  7188 | D:10     | Noticed a frost giant
  7188 | D:10     | a six-headed hydra changed into a frost giant
  7555 | D:11     | Found Ewosh's Weapon Shop.
  7555 | D:11     | Found a staircase to the Orcish Mines.
  7555 | D:11     | Found Ogell's Armour Shop.
  7633 | D:11     | Noticed an Executioner
  7643 | D:11     | Mangled by an Executioner

Inventory:

Hand Weapons
 a - a +3 war axe of electrocution (weapon)
 b - a +0 blowgun
 d - a +0 battleaxe
 M - a +1 war axe
Missiles
 u - 3 javelins of returning (quivered)
 y - 2 throwing nets
 C - 49 poisoned needles
Armour
 c - a +0 helmet (worn)
 o - a +0 pair of boots (worn)
 E - a +1 cloak (worn)
 F - the cursed +1 ring mail of the Vestibule of Hell (worn) {*Contam rElec rPois Str+5}
   (You bought it in a shop on level 5 of the Dungeon)

   It affects your strength (+5).
   It insulates you from electricity.
   It protects you from poison.
   It causes magical contamination when unequipped.
   It has a curse placed upon it.
 J - a +2 pair of gloves (worn)
Jewellery
 G - a +3 ring of dexterity (left hand)
Wands
 l - a wand of polymorph (10)
 A - a wand of frost (29)
 D - a wand of lightning (0)
 H - a wand of slowing (17)
 I - a wand of lightning (3)
 K - a wand of enslavement (7)
 P - a wand of confusion (14)
Scrolls
 h - 3 scrolls of recharging
 m - 2 scrolls of noise
 n - 3 scrolls of enchant armour
 p - 4 scrolls of remove curse
 r - a scroll of amnesia
 s - 2 scrolls of magic mapping
 v - a scroll of fear
 x - 2 scrolls of enchant weapon
Potions
 f - a potion of cancellation
 g - a potion of heal wounds
 i - 3 potions of brilliance
 j - a potion of degeneration {unknown}
 k - 3 potions of curing
 q - a potion of haste {unknown}
 t - a potion of might {unknown}
 z - a potion of mutation {unknown}
 N - a potion of experience {unknown}
Comestibles
 e - 8 meat rations
 B - 5 beef jerkies


   Skills:
 - Level 9.0 Fighting
 - Level 12.0 Axes
 - Level 1.7 Throwing
 + Level 7.6 Armour
 - Level 2.6 Dodging
 + Level 6.8 Invocations


You had 10 spell levels left.
You didn't know any spells.

Dungeon Overview and Level Annotations

Branches:
Dungeon (11/15)            Temple (1/1) D:4            Lair (0/8) D:9
    Orc (0/4) D:11

Altars:
Ashenzari
Cheibriados
Dithmenos
Elyvilon
Fedhas
Gozag
Kikubaaqudgha
Makhleb
Nemelex Xobeh
Okawaru
Qazlal
Ru
Sif Muna
Trog
Vehumet
Xom
Yredelemnul
Zin
The Shining One

Shops:
D:5 [   D:7 ?[**=   D:8 [   D:11 [(

Annotations:
D:3 Sigmund
D:4 Pikel
D:8 Loris's ghost, novice HEGl
D:9 Erolcha; Maurice


Innate Abilities, Weirdness & Mutations

Your body is rotting away.
You thrive on raw meat.
You are immune to poison.
You have sharp fingernails.
You are carnivorous and can eat meat at any time.
Your flesh is cold resistant.
You are immune to negative energy.
You regenerate slowly when monsters are visible.
You are immune to unholy pain and torment.
You can survive without breathing.

Vault maps used:
D:1:      elethiomel_arrival_quiet, ashenzari_altar_1
D:2:      ecumenical_altar_2
D:3:      uniq_sigmund, uniq_crazy_yiuf_cottage
D:4:      minmay_temple_entry_enclosed_plants, first_bread, minivault_14,
          minmay_unequal, uniq_pikel
D:5:      bloody_trog, serial_shops, shop_fountains
D:6:      basic_altar, okawaru_trees_1
D:7:      corexii_shack_village, serial_shops, shop_fountains, shop,
          nicolae_shop_stone, shop_statue, kennysheep_mini, the_bakery,
          hangedman_decor_lopped, nicolae_ru_great_annihilating_truth
D:8:      basic_altar, serial_shops, shop, minivault_29
D:9:      minmay_lair_entry_grove, uniq_maurice, uniq_psyche, uniq_erolcha
D:10:     nrook_mini_backslash
D:11:     orc_david_3, minmay_dual_archer_statues, uniq_josephine
Temple:   kilobyte_greek_temple_18


Message History

You hit the ogre.
You kill the ogre!
Makhleb accepts your kill.
You see here a giant spiked club.
u - 2 javelins of returning (gained 1)
Found 13 gold pieces.
A jelly comes into view.
The jelly quivers.
You see here a javelin of returning.
u - 3 javelins of returning (gained 1)
A red ugly thing comes into view.
The red ugly thing gurgles horribly!
The soldier ant twitches its antennae in your direction.
A crimson imp comes into view.
The crimson imp shouts!
The crimson imp hits you but does no damage.
Press: ? - help, v - describe, . - travel
Here: a red ugly thing The floor.
Unknown command.
Unknown command.
Read which item? (? for menu, Esc to quit)
Okay, then.
Unknown command.
Use which ability?
A demon appears!
It doesn't seem very happy.
You feel somewhat more hungry. The jelly hits you but does no damage.
The crimson imp barely misses you.
Read which item? (? for menu, Esc to quit)
Okay, then.
Unknown command.
Evoke which item? (* to show all) (? for menu, Esc to quit)
Okay, then.
Read which item? (? for menu, Esc to quit)
As you read the scroll of fear, it crumbles to dust.
You assume a fearsome visage.
The Executioner is unaffected.
The jelly looks frightened!
The red ugly thing looks frightened!
The soldier ant looks frightened!
The crimson imp is unaffected.
The Executioner gestures.
The Executioner seems to speed up.
The crimson imp hits you but does no damage.
You slash the jelly!
Your attack snaps the jelly out of its fear.
Your hands burn!
The jelly is severely wounded.
You hit the crimson imp.
There is a sudden explosion of sparks!
You kill the crimson imp!
Makhleb accepts your kill.
You feel better. The Executioner gestures at you.
You are unaffected.
Cornered, the jelly turns to fight!
You slash the jelly!
There is a sudden explosion of sparks!
You kill the jelly!
Makhleb accepts your kill.
You feel better.
You miss the Executioner.
The Executioner hits you but does no damage.
The Executioner hits you!
The Executioner hits you but does no damage.
The Executioner barely misses you. The Executioner hits you.
The Executioner hits you but does no damage.
The Executioner hits you!
The Executioner hits you but does no damage. x2
The Executioner barely misses you. The Executioner misses you.
The Executioner barely misses you. The Executioner hits you.
The Executioner hits you but does no damage.
The Executioner hits you.
A crimson imp comes into view.
The crimson imp shouts!
The Executioner hits you but does no damage.
The Executioner barely misses you.
The Executioner hits you but does no damage.
The crimson imp blinks!
The Executioner hits you!
The Executioner hits you but does no damage. x2
The red ugly thing seems to regain its courage.
The Executioner gestures at you.
You are unaffected.
The Executioner gestures at you.
You struggle to resist.
The Executioner barely misses you. The Executioner hits you.
The Executioner hits you but does no damage.
The red ugly thing closely misses you. The Executioner hits you.
The Executioner hits you but does no damage.
The Executioner barely misses you. The Executioner hits you!
The Executioner hits you but does no damage. x2
The red ugly thing misses you. The Executioner hits you!
* * * LOW HITPOINT WARNING * * *
The Executioner barely misses you. The Executioner hits you.
* * * LOW HITPOINT WARNING * * *
You see here a giant spiked club.
Read which item? (? for menu, Esc to quit)
Okay, then.
The Executioner barely misses you.
The Executioner hits you but does no damage. x2
The Executioner hits you!
* * * LOW HITPOINT WARNING * * *
The Executioner hits you but does no damage. x2
The Executioner hits you!
You die...

.........##.#..#
.........##.#5.#
.........##.#..#
........u##.#..# .
.........##.#..# .#
.........##.#..#######.#
............)..........#
...$.....##.u1.........#.#
.######.###...@........#.#
#.# #............#.# #.#
#............#.#.# #.#
#...........(#.#.# #.
#a..........(#.#.# ..
#..^.........#.#.# #.
#...)............# ##.
###..#.####......#
###..####..#..# #......#


You could see a red ugly thing, an Executioner, a soldier ant (fleeing) and a
crimson imp.

Vanquished Creatures
  A queen ant (D:8)
  A troll (D:10)
  A fire bat (D:11)
  9 yaks (D:9)
  A deep elf mage (D:11)
  A spriggan (D:7)
  2 wyverns (D:9)
  A mottled dragon (D:9)
  A hungry ghost (D:10)
  17 soldier ants (D:8)
  2 hippogriffs (D:7)
  4 porcupines (D:9)
  4 sky beasts
  A necrophage (D:5)
  An eye of draining (D:9)
  An ice beast (D:8)
  7 orc warriors
  3 crocodiles (D:9)
  8 ogres
  5 centaurs
  2 big kobolds (D:10)
  4 giant frogs
  A water moccasin skeleton (D:8)
  A killer bee (D:7)
  A scorpion (D:8)
  13 wights
  A giant frog zombie (D:5)
  8 crimson imps
  A centaur zombie (D:8)
  6 orc wizards
  4 jellies
  Crazy Yiuf (D:3)
  8 hounds
  A giant frog skeleton (D:8)
  3 iguanas
  A centaur skeleton (D:5)
  4 orc priests
  10 sheep (D:9)
  14 worker ants
  A hound zombie (D:6)
  2 hound skeletons
  17 adders
  7 gnolls (D:6)
  3 river rats (D:9)
  A shadow imp (D:11)
  An ooze (D:2)
  An adder zombie (D:5)
  2 adder skeletons
  A worm (D:4)
  3 giant geckos
  50 orcs
  A ball python (D:5)
  7 bats
  9 goblins
  9 hobgoblins
  18 jackals
  8 giant cockroaches
  A giant cockroach zombie (D:6)
  A giant gecko zombie (D:7)
  2 giant newts
  12 kobolds
  4 quokkas
  7 rats
323 creatures vanquished.

Vanquished Creatures (others)
  A bush (D:9)
  7 plants (D:9)
8 creatures vanquished.

Grand Total: 331 creatures vanquished

Action                   |  1- 3 |  4- 6 |  7- 9 | 10-12 || total
-------------------------+-------+-------+-------+-------++-------
Melee: War axe           |   105 |   152 |   232 |    16 ||   505
       Battleaxe         |       |       |   189 |   561 ||   750
Throw: Throwing net      |       |     3 |     1 |     2 ||     6
       Javelin           |       |     5 |     8 |    27 ||    40
Invok: Greater Servant o |       |       |       |     2 ||     2
Evoke: Wand              |       |       |     3 |    11 ||    14
  Use: Scroll            |     5 |       |     7 |    14 ||    26
       Potion            |       |       |     1 |     2 ||     3
 Stab: Held in net/web   |       |     1 |       |       ||     1
       Paralysed         |       |       |     1 |       ||     1
  Eat: Chunk             |     9 |    13 |    49 |    69 ||   140
       Meat ration       |       |     1 |       |       ||     1

Action                   |  1- 3 |  4- 6 |  7- 9 | 10-12 || total
-------------------------+-------+-------+-------+-------++-------
Melee: War axe           |   105 |   152 |   232 |    16 ||   505
       Battleaxe         |       |       |   189 |   561 ||   750
Throw: Throwing net      |       |     3 |     1 |     2 ||     6
       Javelin           |       |     5 |     8 |    27 ||    40
Invok: Greater Servant o |       |       |       |     2 ||     2
Evoke: Wand              |       |       |     3 |    11 ||    14
  Use: Scroll            |     5 |       |     7 |    14 ||    26
       Potion            |       |       |     1 |     2 ||     3
 Stab: Held in net/web   |       |     1 |       |       ||     1
       Paralysed         |       |       |     1 |       ||     1
  Eat: Chunk             |     9 |    13 |    49 |    69 ||   140
       Meat ration       |       |     1 |       |       ||     1
